 Dungeon Crawl Stone Soup version 0.31.0-32-g396128a36d (webtiles) character file.

Game seed: 16119245153948441900

1911 Henri the Grappler (level 9, -4/63 HPs)
             Began as an Octopode Shapeshifter on Mar 29, 2024.
             Slain by an orc warlord
             ... wielding a +2 broad axe
              (35 damage)
             ... in a bailey.
             The game lasted 00:23:37 (7983 turns).

Henri the Grappler (Octopode Shapeshifter)          Turns: 7983, Time: 00:23:38

Health: -4/63      AC:  1    Str: 18    XL:     9   Next: 16%
Magic:  9/9        EV: 13    Int: 12    God:
Gold:   389        SH:  0    Dex: 11    Spells: 8/8 levels left

rFire   . .          .
                       - Unarmed
rCold   . . .        (no shield)
rNeg    . . .        (helmet currently unavailable)
rPois   .            x - amulet of the acrobat
rElec   .            u - ring of willpower
rCorr   .            (no ring)
SInv    .            (no ring)
Will    +....        (no ring)
Stlth   +++          (no ring)
HPRegen 0.30/turn    (no ring)
MPRegen 0.11/turn    (no ring)
                     (no ring)

%: acrobat
@: beast-form
A: beast (slay +2), almost no armour, amphibious, 8 rings, camouflage 1,
gelatinous body 1, nimble swimmer 1, tentacles
a: Begin Untransformation


You were in a bailey.
You were a hulking beast.
You visited 2 branches of the dungeon, and saw 8 of its levels.
You also visited: Bailey.

You collected 389 gold pieces.

Inventory:

Missiles
 l - 16 poisoned darts (quivered)
 y - 2 throwing nets
 B - 12 boomerangs
Jewellery
 u - a ring of willpower (left tentacle)
 x - an amulet of the acrobat (around mantle)
Talismans
 b - a beast talisman
 c - a flux talisman
Wands
 v - a wand of polymorph (1)
Scrolls
 d - a scroll of poison
 e - 5 scrolls of identify
 f - 2 scrolls of blinking {unknown}
 g - 5 scrolls of teleportation
 h - a scroll of silence {unknown}
 i - a scroll of revelation {unknown}
 j - 3 scrolls of fog
 k - a scroll of acquirement
 o - a scroll of vulnerability {unknown}
 r - a scroll of amnesia {unknown}
 s - a scroll of enchant weapon {unknown}
 t - a scroll of enchant armour {unknown}
 A - a scroll of butterflies {unknown}
 C - 2 scrolls of fear {unknown}
 E - a scroll of brand weapon {unknown}
Potions
 a - 2 potions of lignification
 m - a potion of might
 n - 3 potions of heal wounds
 p - 3 potions of haste
 q - a potion of enlightenment
 w - a potion of degeneration
 z - a potion of attraction
 D - 2 potions of invisibility {unknown}


   Skills:
 + Level 6.6 Fighting
 - Level 2.0 Dodging
 * Level 9.9 Unarmed Combat
 - Level 3.5 Shapeshifting


You had 8 spell levels left.
You didn't know any spells.
Your spell library contained the following spells:

 Spells                   Type           Power      Damage    Failure   Level
 Sandblast                Erth           0%         2d4       32%         1
 Lesser Beckoning         Tloc           0%         N/A       45%         2
 Gell's Gravitas          Tloc           0%         N/A       69%         3
 Passwall                 Erth           0%         N/A       69%         3
 Stone Arrow              Conj/Erth      0%         3d7       69%         3
 Teleport Other           Tloc           0%         N/A       69%         3
 Tukima's Dance           Hex            0%         N/A       69%         3
 Brom's Barrelling Bould  Conj/Erth      0%         2d3       97%         4
 Dimensional Bullseye     Hex/Tloc       0%         N/A       97%         4
 Iskenderun's Mystic Bla  Conj/Tloc      0%         2d3       97%         4


Dungeon Overview and Level Annotations

Branches:
Dungeon (7/15)             Temple (1/1) D:4          Bailey (1/1)

Altars:
Ashenzari
Cheibriados
Elyvilon
Fedhas
Hepliaklqana
Kikubaaqudgha
Makhleb
Nemelex Xobeh
Qazlal
Ru
Uskayaw
Vehumet
Xom
Yredelemnul
Zin
Lugonu

Shops:
D:1 (:   D:2 (   D:4 !   D:6 (

Annotations:
D:1 return with dig
D:3 return with dig


Innate Abilities, Weirdness & Mutations

You are a hulking beast.
Your limbs bulge with bestial killing power. (Slay +2)
You cannot wear most types of armour.
You are amphibious.
You can wear up to eight rings at the same time.
Your skin changes colour to match your surroundings (Stealth+).
Your rubbery body absorbs attacks. (AC +1, EV +1)
You are camouflaged when in or above water. (Stealth+)
You have tentacles for arms and can constrict up to eight enemies at once.


Message History

Throw: 17 darts (poison)
Press: ? - help, Q - select action, (/) - cycle Shift-Dir - straight line, f/p - orc warlord
Aim: an orc warlord, wielding a +2 broad axe and wearing a +0 chain mail (lightly wounded, very poisoned, 67% to hit)
You throw a poisoned dart. The poisoned dart hits the orc warlord.
The orc warlord is lightly wounded.
You bludgeon the orc warlord! You grab the orc warlord.
You squeeze the orc warlord, but do no damage.
The orc warlord is lightly wounded.
You constrict the orc warlord. The orc warlord closely misses you.
You bludgeon the orc warlord!
The orc warlord is moderately wounded.
You constrict the orc warlord, but do no damage.
The orc warlord hits you with a +2 broad axe.
You tentacle-slap the orc warlord but do no damage.
You tentacle-slap the orc warlord!
The orc warlord is moderately wounded.
You constrict the orc warlord. The orc warlord barely misses you.
You tentacle-slap the orc warlord.
The orc warlord is heavily wounded.
You constrict the orc warlord.
You tentacle-slap the orc warlord but do no damage.
You squeeze the orc warlord.
The orc warlord is heavily wounded.
You constrict the orc warlord.
The orc warlord hits you with a +2 broad axe!!
You bludgeon the orc warlord! You tentacle-slap the orc warlord.
You squeeze the orc warlord.
The orc warlord is severely wounded.
You constrict the orc warlord.
The orc warlord hits you with a +2 broad axe!
You tentacle-slap the orc warlord but do no damage.
You squeeze the orc warlord.
The orc warlord is severely wounded.
You constrict the orc warlord. The orc warlord barely misses you.
You tentacle-slap the orc warlord. You squeeze the orc warlord.
The orc warlord is almost dead.
You constrict the orc warlord.
The orc warlord hits you with a +2 broad axe!!
Ouch! That really hurt!
You die...

.....?~#....##....♣
...8.8##....#)....♣♣
......#.....'......♣
.∩....#....('...∩.∩♣
......#.....(......♣
...8.8##....#(....♣♣
.....?~#....##(...♣
.. ..[~#.....##o).♣
~ ~~~##......##h≈♣
#######o.......#≈≈♣
o.oo'oo..8..8..#≈≈♣
~~~~#.)........#≈≈♣
~~~~#.........##≈≈♣
~~~~##...8...##≈≈≈♣
.....##.....##≈≈≈♣♣
......##...##≈≈≈♣♣
....♣♣♣#####≈≈≈♣♣


You could see an orc warlord (very poisoned).

Vanquished Creatures
  Prince Ribbit (D:6)
  A water moccasin (D:6)
  3 orc warriors (Bailey)
  A black bear (D:4)
  An ogre (D:4)
  A bullfrog (D:7)
  A gnoll sergeant (D:6)
  2 scorpions (D:5)
  2 bombardier beetles
  4 hounds
  A gnoll bouda (D:6)
  6 iguanas
  An orc wizard (D:6)
  10 adders
  21 gnolls
  A shadow imp (D:5)
  A white imp (D:5)
  3 dart slugs
  A ribbon worm (D:4)
  13 orcs
  7 ball pythons
  8 endoplasms
  A giant cockroach (D:1)
  42 goblins
  27 hobgoblins
  10 jackals
  3 quokkas
  3 bats
  2 frilled lizards
  16 kobolds
  7 rats
201 creatures vanquished.

Notes
Turn   | Place    | Note
-------+----------+-------------------------------------------
     0 | D:1      | Henri the Octopode Shapeshifter began the quest for the
                  | Orb.
     0 | D:1      | Reached XP level 1. HP: 13/13 MP: 1/1
    42 | D:1      | Found Codie's Antique Weapon Shoppe.
   207 | D:1      | Reached XP level 2. HP: 18/18 MP: 2/2
   440 | D:1      | Found Zycosow's Book Emporium.
   448 | D:1      | Reached XP level 3. HP: 23/23 MP: 3/3
   858 | D:2      | Found Qushramu's Weapon Emporium.
   944 | D:2      | Identified the +9 quarterstaff of the Threshing Gods
                  | {flame, rPois rF- Int+7}
  1082 | D:2      | Reached XP level 4. HP: 29/29 MP: 4/4
  1099 | D:2      | Reached skill level 4 in Unarmed Combat
  1355 | D:3      | Found a broken altar of Ashenzari.
  1503 | D:3      | Found a hazy altar of Hepliaklqana.
  1580 | D:3      | Reached XP level 5. HP: 31/35 MP: 5/5
  1861 | D:3      | Found a faded altar of an unknown god.
  2085 | D:4      | Found a staircase to the Ecumenical Temple.
  2091 | D:4      | Reached skill level 5 in Unarmed Combat
  2096 | Temple   | Entered the Ecumenical Temple
  2473 | D:4      | Noticed a black bear
  2489 | D:4      | Killed a black bear
  2490 | D:4      | Reached XP level 6. HP: 38/42 MP: 6/6
  2523 | D:4      | Found a snail-covered altar of Cheibriados.
  2666 | D:4      | Found Nitom's Distillery.
  2991 | D:4      | Found an ancient bone altar of Kikubaaqudgha.
  3126 | D:4      | Reached skill level 6 in Unarmed Combat
  3684 | D:4      | Reached XP level 7. HP: 33/47 MP: 7/7
  4507 | D:5      | Entered Level 5 of the Dungeon
  4817 | D:5      | Reached skill level 7 in Unarmed Combat
  5348 | D:4      | Reached skill level 5 in Fighting
  5348 | D:4      | Reached XP level 8. HP: 51/55 MP: 8/8
  5908 | D:6      | Reached skill level 8 in Unarmed Combat
  6065 | D:6      | Found Cuwaxtom's Antique Weapon Boutique.
  6328 | D:6      | Noticed Prince Ribbit
  6336 | D:6      | Killed Prince Ribbit
  6337 | D:6      | Reached skill level 9 in Unarmed Combat
  6551 | D:6      | Found a radiant altar of Vehumet.
  6583 | D:6      | Found a glowing silver altar of Zin.
  6583 | D:6      | Noticed an angel
  6901 | D:7      | Found a flagged portal.
  7019 | Bailey   | Entered a bailey
  7089 | Bailey   | Noticed an orc warlord
  7220 | Bailey   | Reached XP level 9. HP: 38/63 MP: 9/9
  7620 | Bailey   | Found a runed translucent gate.
  7620 | Bailey   | Found a runed translucent gate.
  7643 | Bailey   | Found a runed translucent gate.
  7983 | Bailey   | Slain by an orc warlord

Illustrated notes

Levels and vault maps discovered:
D:1:      amcnicky_arrival_abandoned_market, layout_basic, serial_shops, shop,
          shop, nicolae_kite_square_tiling_tiny, grunt_decor_cap,
          minmay_statues_item
D:2:      wad_lake_hut, layout_basic, serial_shops,
          nicolae_shop_bloodbath_and_beyond, st_stairs_13
D:3:      minmay_spotlight, layout_rooms, nicolae_ashenzari_skybound,
          nicolae_hepliaklqana_hippocampus,
          dreamdust_ecumenical_altar_hidden_monk_grotto,
          minmay_misc_feat_ornament, due_unseen_surprise
D:4:      minmay_goblin_kobold_castle, layout_loops_cross,
          mainiacjoe_overflow_catwalk, cheibrodos_worm_habitat,
          minmay_temple_entry_hall, nicolae_stop_n_shop_1,
          serial_library_hellmonk_u_bend
D:5:      layout_rooms, item_on_display_a
D:6:      layout_loops_ring, zin_angel, kennysheep_little_box, serial_shops,
          nicolae_shop_stone, nicolae_grassy_gnolls, uniq_crazy_yiuf_cottage,
          uniq_prince_ribbit1
D:7:      minmay_razor_zed, layout_cave_pools,
          mainiacjoe_overflow_small_starburst, tso_oasis_becter,
          mainiacjoe_overflow_alcove_4, general_overflow_altar,
          jmf_multi_god_temple, enter_bailey_5, minivault_24
Temple:   kb_corrupted_temple
Bailey:   bailey_axe_bossmonster_kennysheep, bailey

Skill      XL: |  1  2  3  4  5  6  7  8 |
---------------+-------------------------+-----
Fighting       | 2 3 5 6 |  6.6
Unarmed Combat | 4 5 6 7 9 |  9.9
Dodging        | |  2.0
Shapeshifting  | |  3.5

Action                     |  1- 3 |  4- 6 |  7- 9 || total
---------------------------+-------+-------+-------++-------
  Melee: Unarmed           |    66 |   146 |   207 ||   419
         Tentacles         |    15 |    29 |    54 ||    98
         Constrict         |    18 |    41 |    62 ||   121
         Punch             |     1 |     7 |    10 ||    18
  Throw: Dart              |       |       |     5 ||     5
    Use: Scroll            |     1 |     6 |     2 ||     9
   Stab: Sleeping          |    13 |     4 |     2 ||    19
         Distracted        |     1 |     1 |     1 ||     3
 Armour: Skin              |    17 |    72 |   101 ||   190
  Dodge: Dodged            |    21 |    88 |   100 ||   209
